 Dungeon Crawl Stone Soup version 0.26.1-2-gb8aa6d0cf2 (webtiles) character file.

Game seed: 15288633995590523881

720 Phaedo the Covert (level 7, -17/46 HPs)
             Began as an Octopode Delver on Mar 29, 2021.
             Demolished by Menkaure (23 damage)
             ... on level 5 of the Dungeon.
             The game lasted 00:13:02 (6428 turns).

Phaedo the Covert (Octopode Delver)                 Turns: 6428, Time: 00:13:02

Health: -17/46     AC:  1    Str: 11    XL:     7   Next: 70%
Magic:  7/7        EV: 15    Int: 15    God:
Gold:   286        SH:  0    Dex: 13    Spells: 6/6 levels left

rFire    . . .     SeeInvis .   a - +0 spear
rCold    . . .     Faith    .   (no shield)
rNeg     . . .     Spirit   .   (helmet restricted)
rPois    .         Reflect  .   (no amulet)
rElec    .         Harm     .   (no ring)
rCorr    .         Rampage  .   (no ring)
Will     .....                  (no ring)
Stlth    +++++.....             (no ring)
HPRegen  0.15/turn              (no ring)
MPRegen  0.10/turn              (no ring)
                                (no ring)
                                (no ring)

@: hasted, very quick
A: almost no armour, stealthy swim, amphibious, 8 rings, constrict 8, camouflage
1, gelatinous body 1
a: no special abilities


You were on level 5 of the Dungeon.
You visited 1 branch of the dungeon, and saw 5 of its levels.
You also visited: Ossuary.

You collected 286 gold pieces.

Inventory:

Hand Weapons
 a - a +0 spear (weapon)
Missiles
 c - 81 sling bullets
 o - 6 datura-tipped darts (quivered)
 s - 108 stones
 v - 7 atropa-tipped darts
Armour
 x - a +0 buckler
Jewellery
 r - a cursed ring of attention {unknown}
Wands
 f - a wand of digging (3)
 h - a wand of paralysis (4)
Scrolls
 b - a scroll of fog
 d - 4 scrolls of fear
 e - 2 scrolls of identify
 i - 6 scrolls of teleportation
 l - a scroll of enchant weapon {unknown}
 m - 2 scrolls of blinking {unknown}
 p - 4 scrolls of enchant armour {unknown}
 q - a scroll of magic mapping
 t - 2 scrolls of remove curse {unknown}
 u - a scroll of amnesia {unknown}
Potions
 g - 4 potions of flight
 j - 2 potions of mutation
 k - 4 potions of attraction
 n - 4 potions of degeneration
 z - a potion of magic {unknown}
 A - a potion of curing


   Skills:
 - Level 3.0 Fighting
 + Level 4.9 Polearms
 + Level 4.9 Dodging
 + Level 9.3 Stealth
 * Level 1.8 Shields


You had 6 spell levels left.
You didn't know any spells.
Your spell library was empty.

Dungeon Overview and Level Annotations

Branches:
Dungeon (5/15)            Ossuary (visited)
 Temple: D:4-7

Altars:
Uskayaw

Annotations:
D:4 exclusion: scorpion
D:5 Menkaure


Innate Abilities, Weirdness & Mutations

You cannot wear most types of armour.
You are very stealthy in the water. (Stealth+)
You are amphibious.
You can wear up to eight rings at the same time.
You can use your tentacles to constrict eight enemies at once.
Your skin changes colour to match your surroundings (Stealth+).
Your rubbery body absorbs attacks. (AC +1, EV +1)


Message History

* * * LOW HITPOINT WARNING * * *
You barely miss Menkaure.
Menkaure is severely damaged.
You constrict Menkaure. You barely miss Menkaure.
Menkaure is severely damaged.
You constrict Menkaure, but do no damage.
The orc shouts!
You hear a shout!
Menkaure calls on the powers of darkness!
Your body is wracked with pain!
* * * LOW HITPOINT WARNING * * *
The orc convulses!
You hit Menkaure but do no damage.
Menkaure is severely damaged.
You constrict Menkaure, but do no damage.
You hit Menkaure. You squeeze Menkaure, but do no damage.
Menkaure is almost destroyed.
You constrict Menkaure. Menkaure hits you!!
Ouch! That really hurt!
You die...

############ ##
#...@M....o. ..#
#####.##########
#.# #.....# #.#
#.....# .. #.#
#.....# #. #.#
#.....# #. #..
#####.#
####.##.. #.#
......... #.#
####..#.#


You could see Menkaure and an orc.

Vanquished Creatures
  A centaur (D:5)
  A water moccasin zombie (Ossuary)
  2 jellies (D:5)
  An orc wizard (D:5)
  An orc priest (D:3)
  4 hounds
  A centaur skeleton (D:4)
  2 worker ants (D:4)
  2 big kobold zombies (Ossuary)
  3 mummies
  4 adders
  A white imp (D:5)
  An ooze (D:3)
  5 adder zombies (Ossuary)
  3 worms (D:2)
  2 dart slugs (D:1)
  7 leopard geckos
  11 orcs
  6 bats
  5 giant cockroaches
  4 goblins
  4 hobgoblins
  15 jackals
  7 kobolds
  3 quokkas
  8 frilled lizards
  2 gnoll zombies (Ossuary)
  2 hobgoblin zombies (Ossuary)
  A jackal skeleton (D:4)
  A jackal zombie (D:5)
  4 kobold zombies (Ossuary)
  5 orc zombies (Ossuary)
  2 rats
121 creatures vanquished.

Vanquished Creatures (collateral kills)
  An orc wizard (D:5)
  4 orcs
  A giant cockroach (D:5)
  2 jackals (D:5)
8 creatures vanquished.

Vanquished Creatures (others)
  An orc wizard (D:5)
  Ijyb (D:5)
2 creatures vanquished.

Grand Total: 131 creatures vanquished

Notes
Turn   | Place    | Note
-------+----------+-------------------------------------------
     0 | D:5      | Phaedo the Octopode Delver began the quest for the Orb.
     0 | D:5      | Reached XP level 1. HP: 16/16 MP: 1/1
     6 | D:5      | Noticed an orc wizard
     6 | D:5      | Noticed an orc wizard
    24 | D:4      | Noticed a +0 dagger
    25 | D:4      | Found a hide-covered altar of Uskayaw.
    25 | D:4      | Noticed a +0 dagger
    44 | D:4      | Noticed a worker ant
    53 | D:4      | Killed a worker ant
    54 | D:4      | Reached skill level 7 in Stealth
    54 | D:4      | Reached XP level 2. HP: 11/21 MP: 2/2
    54 | D:4      | Reached XP level 3. HP: 13/26 MP: 3/3
    67 | D:4      | Noticed a scorpion
   243 | D:4      | Found a sand-covered staircase.
   256 | Ossuary  | Entered an ossuary
   589 | Ossuary  | Reached XP level 4. HP: 26/31 MP: 4/4
   655 | Ossuary  | Reached XP level 5. HP: 18/36 MP: 5/5
   913 | Ossuary  | Reached skill level 8 in Stealth
  1467 | D:1      | Reached XP level 6. HP: 42/42 MP: 6/6
  2307 | D:2      | Found a faded altar of an unknown god.
  4397 | D:4      | Reached XP level 7. HP: 30/46 MP: 7/7
  4965 | D:4      | Reached skill level 9 in Stealth
  5452 | D:5      | Reached skill level 1 in Shields
  5994 | D:5      | Noticed Ijyb
  6008 | D:5      | Killed Ijyb
  6411 | D:5      | Noticed Menkaure
  6428 | D:5      | Demolished by Menkaure

Illustrated notes

Levels and vault maps discovered:
D:1:      moated_graveyard_arrival, layout_rooms, serial_bayou_pond_e
D:2:      layout_basic, chequers_ecumenical_altar_simple_redux
D:3:      layout_basic
D:4:      layout_basic, dancing_weapons_uskayaw, gup_ossuary_entry_pyramid,
          portal_sewer_entry_f, minivault_14, corexii_shack
D:5:      layout_basic, kennysheep_small_circle, uniq_menkaure,
          uniq_crazy_yiuf_cottage, uniq_ijyb

Skill      XL: |  1  2  3  4  5  6  7 |
---------------+----------------------+-----
Stealth        | 7 8 9 |  9.3
Polearms       | 3 4 |  4.9
Dodging        | 3 4 |  4.9
Shields        | 1 |  1.8
Fighting       | |  3.0

Action                   |  1- 3 |  4- 6 |  7- 9 || total
-------------------------+-------+-------+-------++-------
Melee: Spear             |    40 |   272 |    85 ||   397
       Constrict         |     8 |    61 |     9 ||    78
       Tentacles         |     8 |    45 |    15 ||    68
Throw: Dart              |       |       |     4 ||     4
  Use: Scroll            |     1 |     5 |     1 ||     7
       Potion            |     1 |       |     3 ||     4
 Stab: Sleeping          |     2 |    40 |     6 ||    48
       Distracted        |       |       |     1 ||     1
Armor: Skin              |     2 |     9 |     1 ||    12
Dodge: Dodged            |    15 |   105 |    36 ||   156
